 Dungeon Crawl Stone Soup version 0.28.0-45-g0d030f2227 (webtiles) character file.

Game seed: 14911189823192781492

25 pkoi the Insei (level 2, -8/24 HPs)
             Began as a Demigod Gladiator on Apr 25, 2022.
             Killed by nerve-wracking pain
             ... invoked by Jessica
              (14 damage)
             ... on level 2 of the Dungeon.
             The game lasted 00:01:17 (1955 turns).

pkoi the Insei (Demigod Gladiator)                  Turns: 1955, Time: 00:01:18

Health: -8/24      AC:  5    Str: 15    XL:     2   Next: 66%
Magic:  2/6        EV: 12    Int: 10    God:
Gold:   40         SH:  0    Dex: 15    Spells: 2/3 levels left

rFire   . . .      SeeInvis .     - Unarmed
rCold   . . .      Faith    .   (no shield)
rNeg    . . .      Spirit   .   a - +0 leather armour
rPois   .          Reflect  .   b - +1 helmet
rElec   .          Harm     .   (no cloak)
rCorr   .          Rampage  .   (no gloves)
Will    .....                   (no boots)
Stlth   +.........              (no amulet)
HPRegen 0.08/turn               (no ring)
MPRegen 0.10/turn               (no ring)

@: very slightly contaminated
A: high MP 1, forlorn, divine attributes
a: no special abilities


You were on level 2 of the Dungeon.
You visited 1 branch of the dungeon, and saw 2 of its levels.

You collected 40 gold pieces.

Inventory:

Hand Weapons
 e - a +0 whip
 f - a +0 short sword
 h - a +0 dagger
Missiles
 c - 2 throwing nets
Armour
 a - a +0 leather armour (worn)
 b - a +1 helmet (worn)
Scrolls
 d - a scroll of enchant armour
Potions
 g - a potion of might {unknown}


   Skills:
 - Level 1.7 Fighting
 - Level 1.7 Throwing
 - Level 2.6 Dodging
 + Level 3.3 Unarmed Combat
 + Level 1.1 Spellcasting
 + Level 0.0 Conjurations


You had 2 spell levels left.
You knew the following spells:

 Your Spells              Type           Power      Damage    Failure   Level
a - Magic Dart            Conj           0%         1d3       38%         1

Your spell library contained the following spells:

 Spells                   Type           Power      Damage    Failure   Level
 Searing Ray              Conj           0%         2d4       54%         2
 Fulminant Prism          Conj/Hex       0%         3d6       99%         4


Dungeon Overview and Level Annotations

Branches:
Dungeon (2/15)

Annotations:
D:2 Jessica


Innate Abilities, Weirdness & Mutations

You have an increased reservoir of magic. (+10% MP)
You shall have no god before yourself.
Your divine heritage dramatically boosts your attributes as you level up.


Message History

Casting: Magic Dart (safe; 38% risk of failure)
Confirm with . or Enter, or press ? or * to list all spells.
Aiming: Magic Dart (safe; 38% risk of failure)
Press: ? - help, Shift-Dir - straight line, f/p - Jessica
Aim: Jessica, wielding a +0 dagger and wearing a +0 robe (severely wounded, fast, 100% to hit)
You miscast Magic Dart.
Nothing appears to happen.
Jessica gestures wildly.
Jessica shouts, "You're disturbing me!
I'll have to kill you!"
Casting: Magic Dart (safe; 38% risk of failure)
Confirm with . or Enter, or press ? or * to list all spells.
Aiming: Magic Dart (safe; 38% risk of failure)
Press: ? - help, Shift-Dir - straight line, f/p - Jessica
Aim: Jessica, wielding a +0 dagger and wearing a +0 robe (severely wounded, fast, 100% to hit)
You miscast Magic Dart.
Nothing appears to happen.
Unknown command.
You hit Jessica but do no damage.
Jessica is severely wounded.
Jessica barely misses you. Jessica closely misses you.
You closely miss Jessica.
Jessica is severely wounded.
Jessica closely misses you.
You closely miss Jessica.
Jessica is severely wounded.
Jessica shouts, "You are a ghastly nuisance!"
Jessica gestures wildly while chanting.
Jessica blinks!
Unknown command.
Casting: Magic Dart (safe; 38% risk of failure)
Confirm with . or Enter, or press ? or * to list all spells.
Aiming: Magic Dart (safe; 38% risk of failure)
Press: ? - help, Shift-Dir - straight line, f/p - Jessica
Aim: Jessica, wielding a +0 dagger and wearing a +0 robe (severely wounded, fast, 100% to hit)
The magic dart hits Jessica.
Jessica is almost dead.
Jessica mumbles some strange words.
Jessica blinks!
Jessica gestures at you while chanting. Pain shoots through your body!
Ouch! That really hurt!
You die...

#######.# #.######
#......#
##############.#
..........# #.#
#########@####†#
.......<..§.#.#
.#..##........#
#.@.##...#
#.§.####.#.#
#..........#
#........###
#.######.... ..#
#.# #....
..@..##'######..#.
#..........
#.....#####


You could see Jessica (fast).

Vanquished Creatures
  An adder (D:2)
  A worm (D:2)
  2 bats (D:1)
  A giant cockroach (D:2)
  2 hobgoblins
  4 kobolds
  2 ball pythons (D:1)
  A frilled lizard (D:1)
14 creatures vanquished.

Notes
Turn   | Place    | Note
-------+----------+-------------------------------------------
     0 | D:1      | pkoi the Demigod Gladiator began the quest for the Orb.
     0 | D:1      | Reached XP level 1. HP: 17/17 MP: 3/3
   568 | D:1      | Reached skill level 3 in Unarmed Combat
  1202 | D:2      | Reached XP level 2. HP: 16/24 MP: 5/5
  1464 | D:2      | Reached skill level 1 in Spellcasting
  1818 | D:2      | Noticed Jessica
  1933 | D:1      | Learned a level 1 spell: Magic Dart
  1955 | D:2      | Killed from afar by Jessica

Illustrated notes

Levels and vault maps discovered:
D:1:      dpeg_arrival_connections, layout_loops_ring
D:2:      layout_basic, ebering_ecumenical_altar_mist, uniq_sigmund,
          uniq_jessica

Skill      XL: |  1  2 |
---------------+-------+-----
Unarmed Combat | 3 |  3.3
Spellcasting   | 1 |  1.1
Fighting       | |  1.7
Throwing       | |  1.7
Dodging        | |  2.6

Action                   || total
-------------------------++-------
Melee: Unarmed           ||    73
Throw: Throwing net      ||     1
 Cast: Magic Dart        ||     2
  Use: Scroll            ||     3
 Stab: Sleeping          ||     1
Armor: Leather armour    ||    14
Dodge: Dodged            ||    33
